 Dungeon Crawl Stone Soup version 0.29-a0-284-gf9362112df (webtiles) character file.

Game seed: 11589701942839733744

112293 chopper the Severer (level 16, -4/149 HPs)
             Began as a Hill Orc Fighter on Mar 14, 2022.
             Was a Priest of Elyvilon.
             Slain by a naga warrior
             ... wielding a +0 trident
              (16 damage)
             ... on level 4 of the Snake Pit on Mar 26, 2022.
             The game lasted 06:07:25 (52327 turns).

chopper the Severer (Hill Orc Fighter)             Turns: 52327, Time: 06:07:25

Health: -4/149     AC: 35    Str: 21    XL:     16   Next: 60%
Magic:  10/19      EV:  4    Int: 12    God:    Elyvilon [***...]
Gold:   1577       SH: 19    Dex: 16    Spells: 14/15 levels left

rFire   + . .      SeeInvis .   a - +4 war axe (venom)
rCold   . . .      Faith    +   P - +0 tower shield {rN+}
rNeg    + . .      Spirit   .   l - +9 plate armour of the Oily God {Int+4}
rPois   +          Reflect  .   H - +0 helmet
rElec   .          Harm     .   e - +2 cloak
rCorr   .          Rampage  .   s - +2 pair of gloves
Will    ++...                   (no boots)
Stlth   ..........              r - amulet of faith
HPRegen 0.34/turn               x - ring of willpower
MPRegen 0.16/turn               y - ring of protection from fire

@: constricted, studying Axes
A: poison resistance
a: Renounce Religion, Purification, Heal Other, Heal Self


You were on level 4 of the Snake Pit.
You worshipped Elyvilon.
Elyvilon was most pleased with you.
You visited 6 branches of the dungeon, and saw 23 of its levels.

You collected 1577 gold pieces.

Inventory:

Hand Weapons
 a - a +4 war axe of venom (weapon)
 m - a +5 dagger of electrocution
 o - a +4 trident of venom
 t - a +3 halberd of venom
 v - a +2 short sword of speed
 w - a +7 arbalest
 R - a +4 shortbow of flaming
Missiles
 c - a throwing net
 i - 7 boomerangs (quivered)
 L - 5 javelins
Armour
 e - a +2 cloak (worn)
 l - the +9 plate armour of the Oily God (worn) {Int+4}
   (You found it on level 1 of the Lair of Beasts)

   Int:       It affects your intelligence (+4).
 s - a +2 pair of gloves (worn)
 H - a +0 helmet (worn)
 P - a +0 tower shield of positive energy (worn)
 Q - a +0 tower shield of fire resistance
Jewellery
 b - a +6 ring of strength
 n - a ring of protection from cold
 r - an amulet of faith (around neck)
 x - a ring of willpower (left hand)
 y - a ring of protection from fire (right hand)
 B - a ring of resist corrosion
 F - a ring of positive energy
 N - a ring of poison resistance
Wands
 p - a wand of mindburst (4)
 q - a wand of iceblast (1)
 M - a wand of acid (2)
 O - a wand of charming (1)
Scrolls
 f - 4 scrolls of identify
 g - a scroll of amnesia
 A - 3 scrolls of magic mapping
 G - a scroll of holy word
 K - a scroll of silence
Potions
 d - a potion of resistance
 h - a potion of brilliance
 j - 3 potions of flight
 k - 7 potions of mutation
 u - 2 potions of magic
 z - 6 potions of curing
 C - a potion of might
 I - a potion of lignification
 J - a potion of berserk rage
Miscellaneous
 D - a tin of tremorstones (2/2)


   Skills:
 + Level 15.3 Fighting
 + Level 7.1 Short Blades
 + Level 19.5 Axes
 + Level 2.6 Crossbows
 + Level 3.5 Throwing
 + Level 15.8 Armour
 + Level 3.2 Dodging
 + Level 2.0 Stealth
 + Level 15.3 Shields
 + Level 4.7 Invocations
 + Level 1.9 Evocations


You had 14 spell levels left.
You knew the following spells:

 Your Spells              Type           Power      Damage    Failure   Level
a - Magic Dart            Conj           0%         1d3       100%        1

Your spell library contained the following spells:

 Spells                   Type           Power      Damage    Failure   Level
 Animate Skeleton         Necr           0%         N/A       100%        1
 Apportation              Tloc           0%         N/A       100%        1
 Slow                     Hex            0%         N/A       100%        1
 Summon Small Mammal      Summ           0%         N/A       100%        1
 Ensorcelled Hibernation  Hex/Ice        0%         N/A       100%        2
 Passwall                 Tmut/Erth      0%         N/A       100%        2
 Searing Ray              Conj           0%         2d4       100%        2
 Static Discharge         Conj/Air       0%         N/A       100%        2
 Confusing Touch          Hex            0%         N/A       100%        3
 Frozen Ramparts          Ice            0%         1d2       100%        3
 Inner Flame              Hex/Fire       0%         N/A       100%        3
 Stone Arrow              Conj/Erth      0%         3d7       100%        3
 Summon Guardian Golem    Hex/Summ       0%         N/A       100%        3
 Swiftness                Air            0%         N/A       100%        3
 Vampiric Draining        Necr           0%         2d6       100%        3
 Animate Armour           Summ/Erth      0%         N/A       100%        4
 Cause Fear               Hex            0%         N/A       100%        4
 Dispel Undead            Necr           0%         3d6       100%        4
 Fulminant Prism          Conj/Hex       0%         3d6       100%        4
 Ice Form                 Ice/Tmut       0%         N/A       100%        4
 Sticky Flame             Conj/Fire      0%         2d3       100%        4
 Summon Ice Beast         Ice/Summ       0%         N/A       100%        4
 Blade Hands              Tmut           0%         N/A       100%        5
 Iron Shot                Conj/Erth      0%         9d1       100%        6
 Orb of Destruction       Conj           0%         9d5       100%        7
 Spellforged Servitor     Conj/Summ      0%         N/A       100%        7
 Discord                  Hex            0%         N/A       100%        8


Dungeon Overview and Level Annotations

Branches:
Dungeon (9/15)             Temple (1/1) D:4            Lair (6/6) D:9
 Shoals (2/4) Lair:4        Snake (4/4) Lair:4        Slime (1/5) Lair:6
    Orc: D:9-12

Altars:
Ashenzari
Elyvilon
Fedhas
Hepliaklqana
Kikubaaqudgha
Nemelex Xobeh
Qazlal
Sif Muna
Uskayaw
Vehumet
Wu Jian
Yredelemnul
The Shining One
Jiyva

Shops:
D:5 *   D:7 :   Shoals:1 =   Snake:2 (

Portals:
Abyss: D:3

Annotations:
D:3 2 transporters, siradein's ghost, weakling DEAM
D:7 2 runed translucent doors, ders's ghost, novice GrEE
Snake:1 exclusion: 2 ice statues


Innate Abilities, Weirdness & Mutations

Your system is resistant to poisons. (rPois)


Message History

* * * LOW HITPOINT WARNING * * *
You are engulfed in flames.
You resist.
* * * LOW HITPOINT WARNING * * *
The naga warrior hits you from afar with a +0 trident!
* * * LOW HITPOINT WARNING * * *
Things that are here:
a +0 halberd; a salamander corpse
Aiming: Iceblast
Press: ? - help, Shift-Dir - straight line, f - naga
Aim: a naga, wielding a +0 halberd (heavily wounded)
The mass of ice explodes!
The iceblast engulfs the naga warrior!
The naga warrior is lightly wounded.
The iceblast engulfs the naga.
The naga is severely wounded.
The iceblast engulfs the guardian serpent.
The guardian serpent is moderately wounded.
You hear an angry hiss.
The guardian serpent coils itself and waves its upper body at you.
The naga blinks!
The naga warrior blinks!
You block the salamander's attack.
You are healed.
The salamander no longer looks unusually strong.
The naga no longer looks unusually strong.
The guardian serpent casts a spell at you.
The bolt of poison misses you. The naga hits you with a +0 halberd!!
* * * LOW HITPOINT WARNING * * *
You block the naga's attack.
The guardian serpent coils itself and waves its upper body at you.
The naga blinks!
You block the salamander's attack.
The naga warrior hits you but does no damage.
You block the naga warrior's attack.
Aiming: Charm
Press: ? - help, Shift-Dir - straight line, f - salamander, p - naga
Aim: a salamander, wielding a +0 glaive (moderately wounded, poisoned, chance to affect: 36%)
The salamander easily resists.
You block the naga's attack. The naga grabs you. The naga constricts you.
* * * LOW HITPOINT WARNING * * *
You block the guardian serpent's attack.
You block the naga's attack. You block the salamander's attack.
The naga warrior hits you with a +0 trident!
You die...

..# ..## ## ♣≈ ...# .#
## ≈≈♣♣♣♣##...# ..#.NN
S≈♣....S'# ###..NNNN
.........### #§§..#
...#'#####.######.#.##
...............NNS# #
....†...........@N#
................N##
.................#
..........###....#
......)###'.#....#
^.....##...##..###
#####)#.....#..#
....#.'....##..#
....#.######...#


You could see a naga warrior, a salamander (poisoned), a guardian serpent and 2
nagas.

Vanquished Creatures
  An azure jelly (Lair:6)
  2 nagarajas (Snake:4)
  A quicksilver ooze (Slime:1)
  The ghost of SirDiesAlot the Prestidigitator, a journeyman KoCj of Dithmenos (Lair:4)
  4 hydras
  2 centaur warriors (Shoals:1)
  3 boulder beetles
  4 anacondas
  2 merfolk avatars (Shoals:1)
  8 naga warriors
  8 naga sharpshooters
  Urug (Lair:4)
  6 shock serpents
  14 spriggans (Lair:6)
  6 sea snakes
  5 salamander mystics
  3 naga ritualists
  Pikel (D:5)
  4 harpies (Shoals:1)
  7 mana vipers
  35 salamanders
  3 fauns
  A merfolk siren (Shoals:1)
  3 guardian serpents
  11 elephants
  31 black mambas
  5 naga magi (Snake:2)
  18 cane toads
  2 torpor snails (Lair:5)
  Maggie (D:7)
  3 rime drakes
  8 komodo dragons
  2 merfolk (Shoals:1)
  6 polar bears
  7 hornets
  Grinder (D:4)
  15 blink frogs
  7 dream sheep
  A wraith (D:9)
  5 wyverns
  A shadow (D:9)
  54 yaks
  Eustachio (D:5)
  5 basilisks
  24 water moccasins
  27 nagas
  An acid dragon (D:9)
  Duvessa (D:6)
  10 black bears
  3 ice beasts
  2 sky beasts
  2 orc warriors
  3 boggarts
  4 ogres
  54 wolves
  A centaur (Lair:1)
  2 lemures (D:5)
  2 kobold brigands (D:8)
  17 bullfrogs
  A gnoll sergeant (D:8)
  A scorpion (D:9)
  4 wights (D:8)
  Dowan (D:6)
  A jelly (D:8)
  6 howler monkeys
  A lava snake (Snake:2)
  2 hounds
  3 orc priests (D:8)
  2 gnoll shamans (D:8)
  4 iguanas
  Ijyb (D:3)
  Terence (D:3)
  6 orc wizards
  11 hell rats
  12 gnolls (D:8)
  3 adders
  A white imp (D:5)
  A worm (D:5)
  3 dart slugs
  23 orcs
  3 ball pythons
  3 endoplasms
  5 giant cockroaches
  9 goblins
  7 hobgoblins
  3 jackals (D:1)
  5 quokkas
  8 bats
  3 frilled lizards
  17 kobolds
  6 rats
619 creatures vanquished.

Vanquished Creatures (others)
  127 fungi
  175 plants
302 creatures vanquished.

Grand Total: 921 creatures vanquished

Notes
Turn   | Place    | Note
-------+----------+-------------------------------------------
     0 | D:1      | chopper the Hill Orc Fighter began the quest for the Orb.
     0 | D:1      | Reached XP level 1. HP: 19/19 MP: 1/1
   169 | D:1      | Reached XP level 2. HP: 27/27 MP: 2/2
   401 | D:1      | Reached skill level 3 in Axes
   412 | D:1      | Reached XP level 3. HP: 30/33 MP: 3/3
  1288 | D:2      | Reached skill level 4 in Axes
  1556 | D:2      | Found a faded altar of an unknown god.
  1561 | D:2      | Reached XP level 4. HP: 40/40 MP: 4/4
  2037 | D:3      | Noticed Ijyb
  2039 | D:3      | Paralysed by Ijyb for 2 turns
  2045 | D:3      | Paralysed by Ijyb for 5 turns
  2064 | D:3      | Killed Ijyb
  2293 | D:3      | Noticed Terence
  2303 | D:3      | Killed Terence
  2304 | D:3      | Reached XP level 5. HP: 11/47 MP: 5/5
  2808 | D:3      | Noticed a small abomination
  2891 | D:3      | Found a one-way gate to the infinite horrors of the Abyss.
  2891 | D:3      | Noticed siradein's ghost (weakling DEAM)
  2900 | D:3      | Found a transporter.
  2900 | D:3      | Noticed a small abomination
  2900 | D:3      | Noticed a kobold brigand
  3037 | D:3      | Got Mobbuat's Disquisition on Illusion and Arcane Weapons
  3075 | D:3      | Reached skill level 5 in Axes
  3477 | D:4      | Reached XP level 6. HP: 47/53 MP: 6/6
  3489 | D:4      | Noticed Grinder
  3528 | D:4      | Killed Grinder
  3529 | D:4      | Reached skill level 6 in Axes
  3529 | D:4      | Reached skill level 1 in Dodging
  3529 | D:4      | Reached XP level 7. HP: 26/60 MP: 7/7
  3832 | D:4      | Found a staircase to the Ecumenical Temple.
  3844 | Temple   | Entered the Ecumenical Temple
  3925 | Temple   | Became a worshipper of Elyvilon the Healer
  4144 | D:4      | Reached skill level 5 in Fighting
  4144 | D:4      | Reached skill level 5 in Armour
  4305 | D:4      | Gained mutation: Your system is resistant to poisons.
                  | (rPois) [potion of mutation]
  4669 | D:4      | Reached skill level 7 in Axes
  4726 | D:4      | Reached * piety under Elyvilon
  5213 | D:5      | Entered Level 5 of the Dungeon
  5617 | D:5      | Noticed Pikel
  5649 | D:5      | Identified the +1 leather armour of Acadwo Vodde {Dex+3}
  5680 | D:5      | Found Yhoneehe's Assorted Antiques.
  6039 | D:5      | Noticed Eustachio
  6126 | D:5      | Killed Eustachio
  6127 | D:5      | Reached skill level 8 in Axes
  6127 | D:5      | Reached XP level 8. HP: 39/69 MP: 8/8
  6698 | D:5      | Elyvilon protects you from harm!
  7220 | D:5      | Reached ** piety under Elyvilon
  7313 | D:5      | Killed Pikel
  7314 | D:5      | Reached skill level 9 in Axes
  7314 | D:5      | Reached XP level 9. HP: 45/75 MP: 9/9
  7564 | D:5      | Reached skill level 10 in Axes
  8309 | D:6      | Noticed Duvessa
  8309 | D:6      | Noticed Dowan
  8313 | D:6      | Killed Dowan
  8319 | D:6      | Killed Duvessa
  8320 | D:6      | Reached skill level 5 in Shields
  8684 | D:6      | Reached *** piety under Elyvilon
  9158 | D:7      | Noticed Maggie
  9170 | D:7      | Killed Maggie
  9171 | D:7      | Reached skill level 11 in Axes
  9590 | D:7      | Found Juit's Book Shop.
 10087 | D:7      | Found a large runed translucent door.
 10088 | D:7      | Found a large runed translucent door.
 10090 | D:7      | Noticed ders's ghost (novice GrEE)
 10387 | D:7      | Upgraded the game from 0.29-a0-283-ga02f740833 to
                  | 0.29-a0-284-gf9362112df
 10997 | D:8      | Reached XP level 10. HP: 83/84 MP: 10/10
 11191 | D:8      | Reached skill level 12 in Axes
 11235 | D:8      | Found a broken altar of Ashenzari.
 11711 | D:8      | Reached **** piety under Elyvilon
 13263 | D:9      | Reached skill level 1 in Short Blades
 13263 | D:9      | Reached skill level 1 in Stealth
 13430 | D:9      | Found a staircase to the Lair.
 13443 | D:9      | Identified the +3 rapier of Muquh {flame, rPois}
 13720 | D:9      | Elyvilon protects you from harm!
 14487 | Lair:1   | Entered Level 1 of the Lair of Beasts
 14487 | Lair:1   | Noticed a cane toad
 14494 | Lair:1   | Killed a cane toad
 15422 | D:9      | Reached skill level 10 in Armour
 15447 | D:9      | Reached XP level 11. HP: 91/94 MP: 11/11
 16883 | D:3      | Found a transporter.
 17827 | Lair:1   | Identified the +9 plate armour of the Oily God {Int+4}
 18300 | Lair:1   | Reached skill level 5 in Short Blades
 18366 | Lair:1   | Noticed a four-headed hydra
 18396 | Lair:1   | Killed a four-headed hydra
 18397 | Lair:1   | Reached skill level 1 in Throwing
 20724 | Lair:2   | Reached skill level 13 in Axes
 20837 | Lair:2   | Reached XP level 12. HP: 104/104 MP: 12/12
 20985 | Lair:2   | Reached ***** piety under Elyvilon
 21411 | Lair:2   | Reached skill level 14 in Axes
 22209 | Lair:3   | Reached skill level 1 in Invocations
 22690 | Lair:2   | Reached skill level 10 in Fighting
 22880 | Lair:3   | Reached skill level 15 in Axes
 23369 | Lair:3   | Identified the +5 scale mail of Histrionic Brilliance
                  | {rPois rN+ Dex+4}
 23955 | Lair:4   | Found a runed translucent door.
 23955 | Lair:4   | Noticed SirDiesAlot's ghost (journeyman KoCj)
 24064 | Lair:4   | Killed SirDiesAlot's ghost
 24216 | Lair:4   | Reached XP level 13. HP: 94/114 MP: 14/14
 24688 | Lair:4   | Reached skill level 16 in Axes
 24693 | Lair:4   | Noticed Urug
 24711 | Lair:4   | Killed Urug
 25152 | Lair:4   | Found a staircase to the Shoals.
 25470 | Lair:4   | Found a staircase to the Snake Pit.
 25560 | Snake:1  | Entered Level 1 of the Snake Pit
 25970 | Snake:1  | Noticed a naga warrior
 25970 | Snake:1  | Noticed a naga warrior
 26788 | Snake:1  | Killed a naga warrior
 27017 | Snake:1  | Killed a naga warrior
 27018 | Snake:1  | Reached skill level 10 in Shields
 27541 | Snake:1  | Reached skill level 1 in Evocations
 29194 | Snake:2  | Reached XP level 14. HP: 72/126 MP: 2/16
 29763 | Snake:2  | Reached skill level 17 in Axes
 31228 | Snake:1  | HP: 1/127 [salamander mystic/lance of force (11)]
 32195 | Lair:6   | Entered Level 6 of the Lair of Beasts
 32807 | Lair:5   | Elyvilon protects you from harm!
 32808 | Lair:5   | HP: 6/127 [15-headed hydra (4)]
 33320 | Shoals:1 | Entered Level 1 of the Shoals
 33323 | Shoals:1 | Found Xialeon's Jewellery Boutique.
 36622 | Lair:5   | Reached XP level 15. HP: 107/136 MP: 18/18
 38627 | Lair:6   | Reached skill level 15 in Armour
 38909 | Lair:6   | Reached skill level 18 in Axes
 39205 | Lair:6   | Found a staircase to the Slime Pits.
 39206 | Lair:6   | Found a viscous altar of Jiyva.
 39242 | Slime:1  | Entered Level 1 of the Pits of Slime
 39242 | Slime:1  | Noticed an azure jelly
 39261 | Lair:6   | Killed an azure jelly
 39633 | Lair:6   | Identified a scroll of acquirement
 39634 | Lair:6   | Acquired a manual of Axes
 41681 | Snake:2  | Learned a level 1 spell: Magic Dart
 42078 | Snake:2  | Found Vanag's Antique Weapon Boutique.
 44995 | Snake:3  | Reached XP level 16. HP: 143/147 MP: 19/19
 45033 | Snake:3  | Reached skill level 1 in Crossbows
 49065 | Snake:4  | Entered Level 4 of the Snake Pit
 49117 | Snake:3  | Reached skill level 19 in Axes
 49506 | Snake:4  | Noticed a nagaraja
 49948 | Snake:4  | Reached skill level 15 in Fighting
 50358 | Snake:3  | Reached skill level 15 in Shields
 50857 | Snake:4  | Noticed a nagaraja
 51173 | Snake:4  | Killed a nagaraja
 51332 | Snake:4  | Killed a nagaraja
 52327 | Snake:4  | Slain by a naga warrior

Illustrated notes

Levels and vault maps discovered:
D:1:      lightli_arrival_quake, layout_basic
D:2:      layout_loops_ring, shapermc_ecumenical_altar_pompeii,
          kennysheep_generic_room_6
D:3:      layout_basic, gammafunk_ghost_abyssal_escape, uniq_ijyb, uniq_terence
D:4:      layout_layer_cave, minmay_temple_entry_statues_pillars, serial_forest,
          infiniplex_forest_clump_small, infiniplex_forest_lined_room_3,
          infiniplex_forest_end_2, infiniplex_forest_lined_room_2,
          infiniplex_forest_end_2, infiniplex_forest_straight_3,
          infiniplex_forest_straight_5, small_statue_intersection, uniq_grinder
D:5:      layout_layer_cave, serial_shops, nicolae_take_the_stairs,
          minmay_misc_feat_five, minmay_misc_feat_secret_circle,
          minmay_joined_circles, uniq_eustachio, uniq_pikel
D:6:      layout_gridville, uniq_duvessa
D:7:      layout_cave_pools, ebering_ghost_disaster_area, serial_shops, shop,
          uniq_maggie
D:8:      layout_basic, mainiacjoe_overflow_alcove_2
D:9:      layout_basic, due_lair_maze_entry_diamond
Temple:   mainiacjoe_temple_circle_huts
Lair:1:   layout_cave_pods, grunt_forest_large_clearing_hut
Lair:2:   layout_gridlike, st_stairs_4
Lair:3:   layout_hall_layers, infiniplex_staircase_pool, serial_bayou_shore_a
Lair:4:   layout_cave_pods, elwin_shoals_entry_rocks,
          minmay_snake_entry_six_corridors, hellmonk_ghost_happy_afterlife,
          uniq_urug, uniq_snorg
Lair:5:   nzn_winding_woodlands_small [nzn_winding_woodlands_5x15_crooked,
          nzn_winding_woodlands_center_triple_pond,
          nzn_winding_woodlands_5x15_sidewinder], layout_regular_city
Lair:6:   minmay_lair_end_enchanted_forest, layout_gridlike, slime_altar_1
Shoals:1: layout_shoals, serial_shops, shop
Shoals:2: layout_shoals, nicolae_shoals_wave_tunnel, uniq_ilsuiw
Snake:1:  layout_chambers, portal_ice_cave_entry_ice_statue_two
Snake:2:  nicolae_snake_crotalidae_crossing, layout_basic, serial_shops, shop,
          nicolae_snake_salamander_zone
Snake:3:  layout_misc_corridors
Snake:4:  snake_pit, layout_cave_town, serial_bayou_lake_a
Slime:1:  layout_caves

Skill      XL: |  1  2  3  4  5  6  7  8  9 10 11 12 13 14 15 16 |
---------------+-------------------------------------------------+-----
Fighting       | 4 5 6 8 9 10 12 13 14 15 | 15.3
Axes           | 3 4 5 6 8 9 11 12 13 15 16 17 18 19 | 19.5
Armour         | 4 5 7 8 10 11 12 13 14 15 | 15.8
Dodging        | 1 2 3 |  3.2
Shields        | 4 6 7 8 9 10 12 14 15 | 15.3
Short Blades   | 4 7 |  7.1
Stealth        | 1 2 |  2.0
Throwing       | 1 2 3 |  3.5
Invocations    | 1 3 4 |  4.7
Evocations     | 1 |  1.9
Crossbows      | 2 |  2.6

Action                   |  1- 3 |  4- 6 |  7- 9 | 10-12 | 13-15 | 16-18 || total
-------------------------+-------+-------+-------+-------+-------+-------++-------
Melee: War axe           |    84 |   142 |   370 |   489 |  1325 |   309 ||  2719
       Dagger            |       |       |       |   139 |       |       ||   139
       Rapier            |       |       |       |   364 |       |       ||   364
       Short sword       |       |       |       |     9 |    50 |       ||    59
 Fire: Hand crossbow     |       |       |       |     4 |       |       ||     4
       Shortbow          |       |       |       |       |     2 |       ||     2
       Arbalest          |       |       |       |       |       |    96 ||    96
Throw: Boomerang         |       |       |     3 |    13 |    68 |       ||    84
       Throwing net      |       |       |       |     1 |     3 |       ||     4
       Javelin           |       |       |       |       |     6 |       ||     6
Invok: Heal Self         |       |       |       |     9 |    31 |    11 ||    51
Evoke: Wand              |       |       |     7 |     3 |    34 |     5 ||    49
       Tin of tremorston |       |       |       |       |     2 |       ||     2
  Use: Potion            |     4 |     2 |     5 |       |     6 |     1 ||    18
       Scroll            |     3 |       |    10 |    16 |    14 |       ||    43
Armor: Scale mail        |    52 |       |       |       |       |       ||    52
       Chain mail        |     4 |   100 |    89 |       |       |       ||   193
       Plate armour      |       |       |   132 |   846 |  1218 |   255 ||  2451
Dodge: Dodged            |    37 |    41 |   107 |   392 |   339 |   104 ||  1020
Block: Buckler           |    30 |    30 |    85 |   309 |    72 |       ||   526
       Tower shield      |       |       |       |       |  1429 |   286 ||  1715

Table legend: (Time is in decaauts)
 A = Elapsed time spent in this place.
 B = Non-inter-level travel time spent in this place.
 C = Inter-level travel time spent in this place.
 D = Time resting spent in this place.
 E = Time spent auto-exploring this place.
 F = Levels seen in this place.
 G = Mean time per level.
                   A        B        C        D        E       F      G
               +--------+--------+--------+--------+--------+-----+--------+
         Total |  52475 |  52475 |      0 |  21293 |      5 |  23 | 2281.5 |
       Dungeon |  17850 |  17850 |      0 |   4893 |      0 |   9 | 1983.3 |
        Temple |    124 |    124 |      0 |      0 |      0 |   1 |  124.0 |
          Lair |  15442 |  15442 |      0 |   5634 |      0 |   6 | 2573.7 |
        Shoals |   1198 |   1198 |      0 |    450 |      5 |   2 |  599.0 |
     Snake Pit |  17771 |  17771 |      0 |  10316 |      0 |   4 | 4442.8 |
    Slime Pits |     88 |     88 |      0 |      0 |      0 |   1 |   88.0 |
               +--------+--------+--------+--------+--------+-----+--------+

Top non-repeatable levels by time:
 Snake:2: 7107 daAuts
 Snake:1: 5361 daAuts
  Lair:6: 3769 daAuts
 Snake:3: 3438 daAuts
  Lair:5: 3273 daAuts
     D:8: 3023 daAuts
     D:5: 2676 daAuts
  Lair:4: 2400 daAuts
     D:9: 2395 daAuts
  Lair:1: 2305 daAuts
  Lair:2: 2206 daAuts
     D:6: 2083 daAuts
     D:3: 2054 daAuts
 Snake:4: 1863 daAuts
     D:4: 1768 daAuts
